 Dungeon Crawl Stone Soup version 0.29.1-13-g9f3cf754e1 (webtiles) character file.

Game seed: 8764855938410664908

36183 RapScallion the Severer (level 13, -4/122 HPs)
             Began as a Hill Orc Fighter on Jan 22, 2023.
             Was the Champion of Okawaru.
             Slain by Donald
             ... wielding a +3 double sword of electrocution
              (20 damage)
             ... on level 2 of the Orcish Mines on Jan 23, 2023.
             The game lasted 01:10:20 (16799 turns).

RapScallion the Severer (Hill Orc Fighter)         Turns: 16799, Time: 01:10:21

Health: -4/122     AC: 33    Str: 31    XL:     13   Next: 88%
Magic:  13/15      EV: 10    Int:  5    God:    Okawaru [******]
Gold:   1119       SH: 20    Dex: 14    Spells: 12/12 levels left

rFire   + . .      SeeInvis .   h - +10 broad axe of Luxury {drain, Int+2}
rCold   . . .      Faith    .   w - +1 kite shield
rNeg    . . .      Spirit   .   J - +3 plate armour {rF+}
rPois   .          Reflect  +   m - +0 helmet
rElec   .          Harm     .   y - +0 cloak
rCorr   +          Rampage  .   a - +1 pair of gloves "Yvompyg" {Contam Str+7}
Will    .....                   C - +2 pair of boots
Stlth   ..........              s - amulet of reflection
HPRegen 0.30/turn               r - +4 ring of protection
MPRegen 0.14/turn               L - ring of Knowledge {rCorr Int-5 Dex+4 Stlth+}

@: heroic
A: no striking features
a: Renounce Religion, Heroism, Finesse, Duel


You were on level 2 of the Orcish Mines.
You worshipped Okawaru.
Okawaru was exalted by your worship.
You visited 2 branches of the dungeon, and saw 14 of its levels.
You also visited: Ossuary and Volcano.

You collected 1589 gold pieces.
You spent 470 gold pieces at shops.

Inventory:

Hand Weapons
 h - the +10 broad axe of Luxury (weapon) {drain, Int+2}
   (You acquired it on level 5 of the Dungeon)

   A truly terrible weapon, it drains the life of any living foe it strikes.
   Int:       It affects your intelligence (+2).
 v - a +1 spear of venom
 P - a +2 broad axe
 R - a +3 broad axe of electrocution
Armour
 a - the +1 pair of gloves "Yvompyg" (worn) {Contam Str+7}
   (Okawaru gifted it to you on level 12 of the Dungeon)

   Str:       It affects your strength (+7).
   Contam:    It causes magical contamination when unequipped.
 m - a +0 helmet (worn)
 o - a +0 ring mail of poison resistance
 w - a +1 kite shield (worn)
 y - a +0 cloak (worn)
 C - a +2 pair of boots (worn)
 J - a +3 plate armour of fire resistance (worn)
 K - the +0 crystal plate armour "Owked" {Dex+3}
   (Okawaru gifted it to you on level 9 of the Dungeon)

   Dex:       It affects your dexterity (+3).
 S - a +1 plate armour of cold resistance
Jewellery
 r - a +4 ring of protection (left hand)
 s - an amulet of reflection (around neck)
 L - the ring of Knowledge (right hand) {rCorr Int-5 Dex+4 Stlth+}
   (You bought it in a shop on level 9 of the Dungeon)

   [ring of resist corrosion]

   Int:       It affects your intelligence (-5).
   Dex:       It affects your dexterity (+4).
   rCorr:     It protects you from acid and corrosion.
   Stlth:     It makes you more stealthy.
Wands
 k - a wand of light (11)
 z - a wand of iceblast (5)
 D - a wand of flame (12)
 M - a wand of polymorph (2)
Scrolls
 c - a scroll of noise
 d - 2 scrolls of torment
 g - 4 scrolls of enchant armour
 i - a scroll of vulnerability
 n - 2 scrolls of immolation
 p - 4 scrolls of identify
 q - 4 scrolls of teleportation
 u - 2 scrolls of poison
 A - 7 scrolls of fear
 I - a scroll of magic mapping
 N - 2 scrolls of blinking
 O - a scroll of amnesia
Potions
 b - a potion of flight
 e - 3 potions of magic
 f - 3 potions of brilliance
 j - 11 potions of curing
 l - 3 potions of haste
 x - 2 potions of might
 B - 2 potions of attraction
 E - 2 potions of mutation
 F - 4 potions of heal wounds
 G - a potion of cancellation
 H - 2 potions of degeneration


   Skills:
 + Level 13.2(18.2) Fighting
 + Level 19.5(24.5) Axes
 + Level 9.2(14.2) Armour
 - Level 1.2(6.2) Dodging
 - Level 0.2(5.2) Stealth
 + Level 13.1(18.1) Shields
 + Level 3.3 Invocations


You had 12 spell levels left.
You didn't know any spells.
Your spell library contained the following spells:

 Spells                   Type           Power      Damage    Failure   Level
 Foxfire                  Conj/Fire      0%         2x1d4     99%         1
 Poisonous Vapours        Pois/Air       0%         N/A       100%        2
 Confusing Touch          Hex            0%         N/A       100%        3
 Conjure Flame            Conj/Fire      0%         6-21      100%        3
 Dazzling Flash           Conj/Hex       0%         N/A       100%        3
 Inner Flame              Hex/Fire       0%         N/A       100%        3
 Corpse Rot               Necr/Pois/Air  0%         N/A       100%        4
 Flame Wave               Conj/Fire      0%         2d4       100%        4
 Iskenderun's Mystic Bla  Conj/Tloc      0%         2d3       100%        4
 Olgreb's Toxic Radiance  Pois           0%         N/A       100%        4
 Yara's Violent Unravell  Hex/Tmut       0%         3d3       100%        5
 Starburst                Conj/Fire      0%         6d3       100%        6
 Enfeeble                 Hex            0%         N/A       100%        7
 Ozocubu's Refrigeration  Ice            0%         4d7       100%        7
 Ignition                 Fire           0%         3d3       100%        8


Dungeon Overview and Level Annotations

Branches:
Dungeon (12/15)            Temple (0/1) D:7            Lair (0/5) D:8
    Orc (2/2) D:11        Ossuary (visited)         Volcano (visited)
    Elf: Orc:2

Altars:
Cheibriados
Dithmenos
Elyvilon
Gozag
Hepliaklqana
Makhleb
Nemelex Xobeh
Okawaru
Sif Muna
Trog
Uskayaw
Wu Jian
Xom
Yredelemnul
Zin
Beogh

Shops:
D:2 !   D:4 :   D:9 =   Orc:2 *

Annotations:
D:3 2 transporters, Loveship's ghost, amateur DsCj
D:10 2 runed translucent doors, Gadrel's ghost, journeyman GrAM
Orc:2 Donald


Message History

The orc shouts!
You hear a shout!
The orc hits you but does no damage.
You closely miss the orc. The orc hits you but does no damage.
You barely miss the orc. You slash the orc!
You kill the orc!
Okawaru accepts your kill.
Donald the Adventurer comes into view.
He is wielding a +3 double sword of electrocution, wearing a +3 plate armour of willpower and wearing a +0 kite shield of reflection.
Donald shouts!
Donald casts a spell.
Donald seems to speed up.
Things that are here:
a +0 flail; a +0 leather armour
Press: ? - help, v - describe, . - travel The floor.
An orc wizard comes into view. It is wielding a +0 dagger.
An orc comes into view. It is wielding a +0 dagger.
You gain the combat prowess of a mighty hero.
The orc shouts!
The orc wizard shouts!
You hear a shout!
An orc warrior comes into view. It is wielding a +0 battleaxe.
Donald says, "At least there's gold.
That doesn't make up for it."
Donald blocks your attack. You block Donald's attack.
Donald blocks your attack. Donald hits you but does no damage.
Donald blocks your attack.
Donald hits you with a +3 double sword of electrocution!
Donald blocks your attack.
Donald gestures wildly while chanting.
Donald seems to grow stronger.
You barely miss Donald.
Donald hits you with a +3 double sword of electrocution!
You are electrocuted!!
Donald blocks your attack.
Donald shakes his head.
Donald hits you with a +3 double sword of electrocution!
You are electrocuted!!
Donald blocks your attack.
You closely miss the orc wizard.
Donald hits you with a +3 double sword of electrocution!!
* * * LOW HITPOINT WARNING * * *
You are electrocuted!!
You die...

...#.. ......
............... .....#
#.............. ......
..............#
.....................#.#
_................o.o....
..............^.........
....... .......o@.......
.....## ##....#.@.#
......# #........)## #
...#.. #..........## .#
...# . #..........# ..##
..8## ##......#.##....#
...#.## #...#..........#
...#..####...##....##.###
........#.....##...# #
.........#....###.##


You could see Donald (fast, strong, reflecting), an orc warrior, an orc wizard
and an orc.

Vanquished Creatures
  Rupert (Orc:1)
  An orc warlord (Orc:2)
  Snorg (D:10)
  A boulder beetle (D:12)
  5 two-headed ogres
  An orc high priest (Orc:2)
  A tengu warrior (D:12)
  Urug (D:11)
  Sonja (D:11)
  5 skeletal warriors (D:12)
  A fire crab (Volcano)
  A lindwurm (Volcano)
  6 orc knights
  Pikel (D:9)
  A manticore (D:11)
  3 ugly things (D:12)
  2 orc sorcerers (Orc:2)
  A cyclops (D:12)
  Joseph (D:10)
  A gargoyle (Volcano)
  A molten gargoyle (Volcano)
  A kobold demonologist (D:11)
  A komodo dragon (D:8)
  7 trolls
  Sigmund (D:2)
  A shadow (D:11)
  A wyvern (D:9)
  19 yaks
  2 basilisks (D:8)
  10 fire bats (Volcano)
  Eustachio (D:6)
  A steam dragon (Volcano)
  3 vampire mosquitoes (D:12)
  3 wargs
  2 acid dragons
  Menkaure (D:5)
  A water moccasin (D:9)
  2 hell hounds (Volcano)
  30 orc warriors
  A hornet zombie (Ossuary)
  2 ice beasts (D:7)
  2 ogres (Orc:1)
  A lemure (D:9)
  9 centaurs
  3 kobold brigands
  2 scorpions
  6 bullfrogs
  3 water moccasin zombies
  A wyvern zombie (Ossuary)
  2 gnoll sergeants
  12 wights
  13 killer bees
  An electric eel (D:10)
  4 howler monkeys
  4 bullfrog zombies
  6 lava snakes (Volcano)
  3 hounds
  2 centaur zombies (Ossuary)
  An iron imp (D:6)
  14 orc priests
  16 mummies (Ossuary)
  2 jellies
  Terence (D:2)
  5 iguanas
  22 orc wizards
  A scorpion zombie (D:4)
  2 killer bee zombies (Ossuary)
  3 howler monkey zombies
  9 gnolls
  9 adders
  A shadow imp (D:6)
  3 white imps
  An adder zombie (D:4)
  2 worms (D:2)
  3 dart slugs
  68 orcs
  9 ball pythons
  3 bats
  8 endoplasms
  2 giant cockroaches (D:1)
  9 goblins
  5 hobgoblins
  9 jackals
  6 quokkas
  4 frilled lizards
  9 kobolds
  10 rats
438 creatures vanquished.

Vanquished Creatures (others)
  8 withered plants (Ossuary)
8 creatures vanquished.

Grand Total: 446 creatures vanquished

Notes
Turn   | Place    | Note
-------+----------+-------------------------------------------
     0 | D:1      | RapScallion the Hill Orc Fighter began the quest for the
                  | Orb.
     0 | D:1      | Reached XP level 1. HP: 19/19 MP: 1/1
   134 | D:1      | Reached XP level 2. HP: 25/27 MP: 2/2
   281 | D:1      | Reached skill level 3 in Axes
   560 | D:1      | Found a faded altar of an unknown god.
   814 | D:2      | Reached XP level 3. HP: 32/33 MP: 3/3
   819 | D:2      | Noticed Terence
   823 | D:2      | Noticed Sigmund
   825 | D:2      | Killed Terence
   841 | D:2      | Killed Sigmund
   842 | D:2      | Reached skill level 5 in Axes
   842 | D:2      | Reached XP level 4. HP: 10/41 MP: 4/4
   842 | D:2      | Reached XP level 5. HP: 11/47 MP: 5/5
   842 | D:2      | Reached XP level 6. HP: 13/53 MP: 6/6
  1379 | D:2      | Found Guptos's Distillery.
  1390 | D:2      | Found a glowing silver altar of Zin.
  1805 | D:3      | Found a bloodstained altar of Trog.
  2190 | D:3      | Found an opulent altar of Gozag.
  2239 | D:3      | Found an iron altar of Okawaru.
  2255 | D:3      | Became a worshipper of Warmaster Okawaru
  2276 | D:3      | Found a sparkling altar of Nemelex Xobeh.
  2492 | D:3      | Found a transporter.
  2492 | D:3      | Noticed Loveship's ghost (amateur DsCj)
  2498 | D:3      | Reached skill level 6 in Axes
  2673 | D:3      | Found a transporter.
  2856 | D:3      | Found an ornate altar of the Wu Jian Council.
  3028 | D:4      | Found Itiaxomm's Book Boutique.
  3047 | D:4      | Reached skill level 1 in Dodging
  3206 | D:4      | Reached skill level 5 in Fighting
  3558 | D:3      | Reached XP level 7. HP: 48/61 MP: 7/7
  4164 | D:4      | Found a shimmering altar of Xom.
  4232 | D:4      | Reached skill level 7 in Axes
  4232 | D:4      | Reached skill level 5 in Armour
  4627 | D:4      | Found a basalt altar of Yredelemnul.
  4699 | D:4      | Found a shimmering blue altar of Sif Muna.
  4719 | D:5      | Entered Level 5 of the Dungeon
  4730 | D:5      | Found a hazy altar of Hepliaklqana.
  4732 | D:5      | Found a shadowy altar of Dithmenos.
  4734 | D:5      | Noticed a shadow
  5146 | D:5      | Reached * piety under Okawaru
  5214 | D:5      | Noticed Menkaure
  5390 | D:5      | Reached skill level 8 in Axes
  5390 | D:5      | Reached XP level 8. HP: 65/69 MP: 8/8
  6064 | D:5      | Identified a scroll of acquirement
  6064 | D:5      | Acquired the +10 broad axe of Luxury {drain, Int+2}
  6102 | D:5      | Killed Menkaure
  6299 | D:5      | Found a white marble altar of Elyvilon.
  6510 | D:6      | Reached skill level 9 in Axes
  6510 | D:6      | Reached skill level 5 in Shields
  6521 | D:6      | Found a basalt altar of Yredelemnul.
  6633 | D:6      | Found a hide-covered altar of Uskayaw.
  6787 | D:6      | Reached skill level 10 in Axes
  6886 | D:6      | Noticed Eustachio
  6903 | D:6      | Killed Eustachio
  6903 | D:6      | Reached ** piety under Okawaru
  7053 | D:6      | Reached XP level 9. HP: 78/78 MP: 9/9
  7196 | D:6      | Found a snail-covered altar of Cheibriados.
  7535 | D:7      | Found a staircase to the Ecumenical Temple.
  7543 | D:7      | Reached skill level 11 in Axes
  7720 | D:7      | Found a sand-covered staircase.
  7727 | Ossuary  | Entered an ossuary
  7810 | Ossuary  | Reached *** piety under Okawaru
  7870 | Ossuary  | Reached skill level 12 in Axes
  9591 | D:8      | Reached skill level 13 in Axes
  9599 | D:8      | Reached XP level 10. HP: 74/88 MP: 10/10
  9841 | D:8      | Reached **** piety under Okawaru
 10021 | D:8      | Found a staircase to the Lair.
 10128 | D:9      | Reached skill level 14 in Axes
 10200 | D:9      | Reached ***** piety under Okawaru
 10207 | D:9      | Received a gift from Okawaru
 10264 | D:9      | You fall into a shaft and drop 2 floors!
 10266 | D:11     | Noticed a kobold demonologist
 10278 | D:11     | Killed a kobold demonologist
 10305 | D:11     | Noticed Sonja
 10305 | D:11     | Noticed a two-headed ogre
 10313 | D:11     | Noticed a manticore
 10314 | D:11     | Killed a two-headed ogre
 10315 | D:11     | Reached XP level 11. HP: 92/97 MP: 8/11
 10321 | D:11     | Noticed Snorg
 10322 | D:11     | Noticed a two-headed ogre
 10324 | D:10     | Entered Level 10 of the Dungeon
 10341 | D:10     | Killed Snorg
 10342 | D:10     | Reached skill level 15 in Axes
 10342 | D:10     | Reached skill level 1 in Invocations
 10853 | D:9      | Noticed Pikel
 10855 | D:9      | Identified the +0 crystal plate armour "Owked" {Dex+3}
                  | (Okawaru gifted it to you on level 9 of the Dungeon)
 10855 | D:9      | Received a gift from Okawaru
 10861 | D:9      | Killed Pikel
 10962 | D:9      | Found a burning altar of Makhleb.
 10962 | D:9      | Found a glowing silver altar of Zin.
 10963 | D:9      | Noticed an angel
 10963 | D:9      | Noticed a blizzard demon
 11158 | D:9      | Found Qoda Kuz's Jewellery Emporium.
 11180 | D:9      | Bought the ring of Knowledge {rCorr Int-5 Dex+4 Stlth+} for
                  | 470 gold pieces
 11308 | D:10     | Noticed a lich
 11308 | D:10     | Noticed Gadrel's ghost (journeyman GrAM)
 11309 | D:10     | Noticed a flayed ghost
 11309 | D:10     | Noticed an ettin
 11311 | D:10     | Noticed a skeletal warrior
 11312 | D:10     | Noticed a necromancer
 11363 | D:10     | Noticed Joseph
 11366 | D:10     | Reached skill level 10 in Fighting
 11373 | D:10     | Killed Joseph
 11376 | D:10     | Noticed a two-headed ogre
 11380 | D:10     | Reached skill level 16 in Axes
 11384 | D:10     | Killed a two-headed ogre
 12131 | D:10     | Found a runed translucent door.
 12151 | D:10     | Found a runed translucent door.
 12430 | D:11     | Found a staircase to the Orcish Mines.
 12543 | D:11     | Killed a manticore
 12544 | D:11     | Noticed Urug
 12548 | D:11     | Killed Sonja
 12549 | D:11     | Reached skill level 17 in Axes
 12549 | D:11     | Reached skill level 10 in Shields
 12549 | D:11     | Reached XP level 12. HP: 74/108 MP: 11/13
 12553 | D:11     | Killed Urug
 12809 | D:11     | Killed a two-headed ogre
 13124 | D:12     | Received a gift from Okawaru
 13310 | D:12     | Noticed a two-headed ogre
 13316 | D:12     | Killed a two-headed ogre
 13355 | D:12     | Noticed a tengu warrior
 13365 | D:12     | Killed a tengu warrior
 13486 | D:12     | Reached ****** piety under Okawaru
 13492 | D:12     | Identified the +1 pair of gloves "Yvompyg" {Contam Str+7}
                  | (Okawaru gifted it to you on level 12 of the Dungeon)
 13492 | D:12     | Received a gift from Okawaru
 13501 | D:12     | Reached skill level 18 in Axes
 14062 | D:12     | Noticed a boulder beetle
 14077 | D:12     | Killed a boulder beetle
 14570 | Orc:1    | Entered Level 1 of the Orcish Mines
 14579 | Orc:1    | Noticed a two-headed ogre
 14585 | Orc:1    | Killed a two-headed ogre
 14586 | Orc:1    | Reached XP level 13. HP: 114/118 MP: 11/14
 14661 | Orc:2    | Entered Level 2 of the Orcish Mines
 14697 | Orc:2    | Noticed Rupert
 14862 | Orc:1    | Found a dark tunnel.
 15001 | Volcano  | Entered a volcano
 15040 | Volcano  | Reached skill level 19 in Axes
 15224 | Volcano  | Found a burning altar of Makhleb.
 15934 | Orc:1    | Killed Rupert
 16348 | Orc:2    | Identified the +3 trident "Xemiysh" {vorpal, *Noise rPois
                  | MP+9 Str-3} (Okawaru gifted it to you on level 2 of the
                  | Orcish Mines)
 16348 | Orc:2    | Received a gift from Okawaru
 16412 | Orc:2    | Noticed an orc warlord
 16437 | Orc:2    | Killed an orc warlord
 16489 | Orc:2    | Found a roughly hewn altar of Beogh.
 16714 | Orc:2    | Found Roggu's General Store.
 16789 | Orc:2    | Noticed Donald
 16799 | Orc:2    | Slain by Donald

Illustrated notes

Levels and vault maps discovered:
D:1:      sevenhm_arrival_forest_fort_small_3, layout_loops_cross,
          ebering_ecumenical_altar_mist
D:2:      cheibrodos_helix_gallery, layout_loops_ring, basic_altar,
          serial_shops, shop, minmay_octomino_c4, uniq_terence, uniq_sigmund
D:3:      layout_basic, mainiacjoe_overflow_alcove_2,
          nemelex_xobeh_ov_fountains_minmay, lemuel_doored_altar, bloody_trog,
          mainiacjoe_overflow_24_doors, gammafunk_ghost_mausoleum
D:4:      layout_rooms, lemuel_tele_altar, lemuel_blue_sif_altar,
          nicolae_yredelemnul_corpse_copse, serial_shops, shop, nrook_uturn
D:5:      layout_cave_pods, riverfiend_overflow_shadow_ancestor,
          elyvilon_altar_3, serial_glass, glass_columns_a, glass_columns_c,
          item_on_display_a, feat_on_display, due_unseen_surprise, uniq_menkaure
D:6:      layout_loops_ring, chei_slow_surprise, mainiacjoe_overflow_alcove_1,
          minmay_ruined_shrine, uniq_eustachio
D:7:      layout_layer_cave, minmay_temple_entry_arrows, enter_ossuary_1
D:8:      layout_loops_ring, erik_lair_dragon
D:9:      layout_irregular_city, grunt_temple_overflow_order_and_chaos_2,
          serial_shops, shop, uniq_pikel
D:10:     layout_cave_pods, muffindrake_ghost_dual_entry, kennysheep_potato,
          uniq_joseph
D:11:     layout_loops_cross, david_orc_4, uniq_sonja, uniq_urug, uniq_snorg
D:12:     minmay_distorted_concentric_squares, layout_basic
Orc:1:    layout_diamond_mine, enter_volcano_1
Orc:2:    grunt_orc_cross, layout_diamond_mine, uniq_rupert, uniq_donald

Skill      XL: |  1  2  3  4  5  6  7  8  9 10 11 12 13 |
---------------+----------------------------------------+-----
Fighting       | 4 5 6 7 9 10 12 13 | 13.2
Axes           | 3 5 6 8 10 13 14 17 18 19 | 19.5
Armour         | 4 5 6 7 8 9 |  9.2
Shields        | 4 5 6 8 10 11 13 | 13.1
Dodging        | 1 |  1.2
Invocations    | 1 2 3 |  3.3
Stealth        | |  0.2

Action                   |  1- 3 |  4- 6 |  7- 9 | 10-12 | 13-15 || total
-------------------------+-------+-------+-------+-------+-------++-------
Melee: War axe           |    66 |   171 |   117 |       |       ||   354
       Broad axe         |       |       |   222 |   326 |   196 ||   744
Invok: Heroism           |       |       |     1 |    14 |     9 ||    24
  Use: Potion            |     1 |       |       |     1 |     1 ||     3
       Scroll            |       |     5 |    15 |     5 |       ||    25
 Stab: Sleeping          |       |       |       |     1 |     1 ||     2
Armor: Scale mail        |    20 |    31 |       |       |       ||    51
       Ring mail         |       |    41 |   114 |   104 |    43 ||   302
       Skin              |       |       |       |     1 |       ||     1
       Plate armour      |       |       |       |       |    22 ||    22
Dodge: Dodged            |    40 |    82 |    93 |    89 |    47 ||   351
Block: Buckler           |    15 |    34 |     5 |       |       ||    54
       Kite shield       |       |       |   159 |   298 |   174 ||   631
       Reflection        |       |       |     2 |    23 |    16 ||    41
